 Dungeon Crawl Stone Soup version 0.31.0-4-g52a2dc7128 (webtiles) character file.

Game seed: 14543918253436879640

2155113 Xpym the Acrobat (level 25, 217/217 HPs)
             Began as a Merfolk Earth Elementalist on Jan 22, 2024.
             Was a High Priest of Jiyva.
             Escaped with the Orb
             ... and 3 runes
             ... and 1 gem!
             The game lasted 04:13:55 (44844 turns).

Xpym the Acrobat (Merfolk Earth Elementalist)      Turns: 44844, Time: 04:13:56

Health: 217/217    AC: 20    Str:  7    XL:     25   Next: 98%
Magic:  26/26      EV: 34    Int: 15    God:    Jiyva [*****.]
Gold:   553        SH: 27    Dex: 27    Spells: 13/28 levels left

rFire   + + +        b - +5 demon blade (distort)
rCold   + + .        I - +1 tower shield {rC+ rF+}
rNeg    + . .        x - quicksilver dragon scales
rPois   +            m - -2 hat of the Alchemist {rElec rPois rF+ rC+ rN+ Will+ rMut rCorr}
rElec   +            k - +4 dragonskin cloak
rCorr   +            M - +2 pair of gloves {infuse}
SInv    +            j - +2 pair of boots
Will    +++++        J - amulet of regeneration
Stlth   ++           i - ring "Nicvum" {+Blink rElec Dex+2 SInv Stlth+}
HPRegen 3.60/turn    Q - ring of Heresy {rPois rF+ Will++ SInv Stlth-}
MPRegen 0.92/turn

%: clarity, resist mutation, infuse magic (1 MP)
@: no status effects
A: (nimble swimmer 2), mertail, horns 1, clarity, deformed body, regeneration 1,
weak 1, acidic bite, gelatinous body 2, tendrils, MP-powered wands, sturdy frame
1, engulf
0: Orb of Zot
}: 3/15 runes: barnacled, slimy, gossamer
a: Renounce Religion, Evoke Blink, Oozemancy, Slimify


You escaped.
You worshipped Jiyva.
Jiyva was extremely pleased with you.
You visited 11 branches of the dungeon, and saw 52 of its levels.
You also visited: Trove and Sewer.

You collected 4179 gold pieces.
You spent 3626 gold pieces at shops.


Innate Abilities, Weirdness & Mutations

((You are very nimble when in or above water. (Stealth+, EV+, Speed+++)))
Your lower body shifts to a powerful aquatic tail in water.
You have a pair of small horns on your head.
You possess an exceptional clarity of mind.
Armour fits poorly on your strangely shaped body.
Your natural rate of healing is unusually fast.
You are weak. (Str -2)
You have acidic saliva.
Your pliable body absorbs attacks. (AC +2, EV +2)
You are covered in slimy tendrils that may disarm your opponents.
You expend magic power (3 MP) to strengthen your wands.
Your movements are slightly less encumbered by armour. (ER -2)
Your melee attacks may engulf your foes in ooze.


   Skills:
 + Level 22.0 Fighting
 + Level 24.0 Long Blades
 - Level 5.0 Throwing
 - Level 9.0 Armour
 + Level 25.4 Dodging
 - Level 9.0 Stealth
 + Level 21.6 Shields
 - Level 2.0 Spellcasting
 - Level 0.7 Conjurations
 - Level 9.0 Translocations
 - Level 6.0 Earth Magic
 - Level 15.0 Evocations


You had 13 spell levels left.
You knew the following spells:

 Your Spells              Type           Power      Damage    Failure   Level
a - Passwall              Erth           19%        N/A       24%         3
l - Lesser Beckoning      Tloc           56%        N/A       3%          2
n - Apportation           Tloc           56%        N/A       2%          1
u - Passage of Golubria   Tloc           28%        N/A       24%         4
z - Sandblast             Erth           38%        2d10      9%          1
B - Blink                 Tloc           56%        N/A       3%          2
X - Momentum Strike       Conj/Tloc      32%        3d8       21%         2

Your spell library contained the following spells:

 Spells                   Type           Power      Damage    Failure   Level
 Volatile Blastmotes      Fire/Tloc      30%        2d12      41%         3
 Stone Arrow              Conj/Erth      22%        3d8       58%         3
 Foxfire                  Conj/Fire      8%         2x1d4     63%         1
 Kiss of Death            Conj/Necr      8%         2d6       63%         1
 Sting                    Conj/Alch      8%         1d3       63%         1
 Necrotise                Necr           4%         1d4       67%         1
 Summon Small Mammal      Summ           4%         N/A       67%         1
 Call Imp                 Summ           2%         N/A       82%         2
 Mercury Vapours          Alch/Air       2%         N/A       82%         2
 Scorch                   Fire           2%         2d5       82%         2
 Sublimation of Blood     Necr           1%         N/A       82%         2
 Lee's Rapid Deconstruct  Erth           9%         3d7*      92%         5
 Dazzling Flash           Conj/Hex       4%         N/A       94%         3
 Brom's Barrelling Bould  Conj/Erth      11%        2d3       94%         4
 Mephitic Cloud           Conj/Alch/Air  2%         N/A       95%         3
 Animate Armour           Summ/Erth      20%        N/A       95%         4
 Petrify                  Alch/Erth      10%        N/A       95%         4
 Confusing Touch          Hex            1%         N/A       96%         3
 Inner Flame              Hex/Fire       1%         N/A       96%         3
 Ozocubu's Armour         Ice            1%         N/A       96%         3
 Summon Ice Beast         Ice/Summ       1%         N/A       96%         3
 Tukima's Dance           Hex            1%         N/A       96%         3
 Vampiric Draining        Necr           1%         2d6       96%         3
 Summon Forest            Summ/Tloc      7%         N/A       99%         5
 Dispel Undead            Necr           1%         3d6       100%        4
 Flame Wave               Conj/Fire      2%         2d4       100%        4
 Ignite Poison            Fire/Alch      1%         N/A       100%        4
 Martyr's Knell           Necr/Summ      1%         N/A       100%        4
 Sticky Flame             Fire/Alch      1%         2d4       100%        4
 Summon Blazeheart Golem  Fire/Summ      1%         N/A       100%        4
 Summon Lightning Spire   Summ/Air       1%         N/A       100%        4
 Arcjolt                  Conj/Air       1%         1d11      100%        5
 Curse of Agony           Necr           1%         N/A       100%        5
 Fireball                 Conj/Fire      1%         3d3       100%        5
 Freezing Cloud           Conj/Ice/Air   1%         6-21      100%        5
 Irradiate                Conj/Alch      1%         3d12      100%        5
 Iskenderun's Battlesphe  Conj           3%         2d6       100%        5
 Metabolic Englaciation   Hex/Ice        0%         N/A       100%        5
 Silence                  Hex/Air        0%         N/A       100%        5
 Summon Mana Viper        Hex/Summ       1%         N/A       100%        5
 Yara's Violent Unravell  Hex/Alch       0%         3d3       100%        5
 Bombard                  Conj/Erth      5%         9d2       100%        6
 Plasma Beam              Fire/Air       0%         2x1d10    100%        6
 Sculpt Simulacrum        Ice/Alch       0%         N/A       100%        6
 Starburst                Conj/Fire      1%         6d3       100%        6
 Summon Cactus Giant      Summ           0%         N/A       100%        6
 Haunt                    Necr/Summ      0%         N/A       100%        7
 Malign Gateway           Summ/Tloc      7%         N/A       100%        7
 Monstrous Menagerie      Summ           0%         N/A       100%        7
 Orb of Destruction       Conj           1%         9d5       100%        7
 Spellforged Servitor     Conj/Summ      1%         N/A       100%        7
 Summon Hydra             Summ           0%         N/A       100%        7
 Borgnjor's Revivificati  Necr           0%         N/A       100%        8
 Ignition                 Fire           0%         3d3       100%        8
 Maxwell's Capacitive Co  Air            0%         ∞         100%        8
 Death's Door             Necr           0%         N/A       100%        9

Inventory:

Hand Weapons
 a - a +7 scimitar of flaming
 b - a +5 demon blade of distortion (weapon)
Missiles
 g - 3 throwing nets {=f}
 E - 2 curare-tipped darts (quivered) {@f1 =f}
Armour
 j - a +2 pair of boots (worn)
 k - the +4 dragonskin cloak (worn)
   (You took it off Tiamat on level 4 of the Realm of Zot)

   Avatar's Aegis: It grants the wearer a chance to resist fire, cold, poison,
   electricity, acid, and negative energy.
 m - the -2 hat of the Alchemist (worn) {rElec rPois rF+ rC+ rN+ Will+ rMut rCorr}
   (You found it on level 10 of the Dungeon)

   rF+:       It protects you from fire.
   rC+:       It protects you from cold.
   rElec:     It insulates you from electricity.
   rPois:     It protects you from poison rN+: It protects you from negative
   energy.
   Will+:     It increases your willpower.
   rCorr:     It protects you from acid and corrosion.
   rMut:      It protects you from mutation.
 x - quicksilver dragon scales (worn)
 I - a +1 tower shield of resistance (worn)
 M - a +2 pair of gloves of infusion (worn)
Jewellery
 i - the ring "Nicvum" (left hand) {+Blink rElec Dex+2 SInv Stlth+}
   (You took it off a deep elf annihilator on level 3 of the Elven Halls)

   [ring of see invisible]

   Dex+2:     It affects your dexterity (+2).
   rElec:     It insulates you from electricity.
   SInv:      It lets you see invisible.
   +Blink:    It lets you blink.
   Stlth+:    It makes you more stealthy.
 C - a ring of protection from cold
 F - a ring of fire
 J - an amulet of regeneration (around neck)
 L - a ring of flight
 Q - the ring of Heresy (right hand) {rPois rF+ Will++ SInv Stlth-}
   (You found it on level 2 of the Lair of Beasts)

   [ring of protection from fire]

   rF+:       It protects you from fire.
   rPois:     It protects you from poison Will++: It greatly increases your
   willpower.
   SInv:      It lets you see invisible.
   Stlth-:    It makes you less stealthy.
 R - a ring of resist corrosion
 Z - the ring "Fiump" {rPois rN+ AC+4 Int-2 Dex+2}
   (You found it on level 5 of the Pits of Slime)

   [ring of protection]

   AC+4:      It affects your AC (+4).
   Int-2:     It affects your intelligence (-2).
   Dex+2:     It affects your dexterity (+2).
   rPois:     It protects you from poison rN+: It protects you from negative
   energy.
Wands
 w - a wand of roots (7)
 B - a wand of acid (13)
 Y - a wand of digging (22)
Scrolls
 f - 2 scrolls of revelation
 p - 8 scrolls of fear
 q - 3 scrolls of summoning
 z - 3 scrolls of immolation
 A - 10 scrolls of teleportation {@r2}
 G - 4 scrolls of poison
 T - 6 scrolls of fog
Potions
 d - 7 potions of curing {@q1}
 h - 3 potions of invisibility
 l - a potion of cancellation
 n - 4 potions of might
 s - 4 potions of haste {@q3}
 t - 3 potions of attraction
 u - 15 potions of ambrosia
 v - 3 potions of lignification
 y - 9 potions of magic
 N - 3 potions of enlightenment
 U - 11 potions of heal wounds {@q2}
 W - 2 potions of berserk rage {!q}
Miscellaneous
 c - a lightning rod (2/4)
 H - a phantom mirror (inert)
 K - a phial of floods
 O - a tin of tremorstones (2/2)
 P - a box of beasts

Dungeon Overview and Level Annotations

Branches:
Dungeon (15/15)            Temple (1/1) D:5            Lair (5/5) D:10
 Shoals (4/4) Lair:3       Spider (4/4) Lair:3        Slime (5/5) Lair:4
    Orc (2/2) D:12            Elf (3/3) Orc:2        Vaults (4/5) D:14
  Crypt (0/3) Vaults:2     Depths (4/4) D:15            Zot (5/5) Depths:4
  Sewer (visited)

Altars:
Ashenzari
Cheibriados
Dithmenos
Elyvilon
Fedhas
Gozag
Hepliaklqana
Kikubaaqudgha
Makhleb
Nemelex Xobeh
Okawaru
Qazlal
Ru
Sif Muna
Trog
Uskayaw
Vehumet
Wu Jian
Xom
Yredelemnul
Zin
The Shining One
Jiyva

Shops:
D:6 [   Orc:2 *?[*   Elf:2 !*!   Shoals:1 (   Shoals:2 *   Shoals:4 [
Vaults:1 =   Vaults:2 *

Portals:
Hell: Depths:1 Depths:2 Depths:3 Depths:4
Abyss: Depths:3
Pandemonium: Depths:4
Ziggurat: Depths:3

Annotations:
D:13 exclusion: hell knight
Spider:2 2 transporters, exclusion: orange crystal statue
Slime:5 Royal Jelly
Elf:1 1 runed translucent door
Elf:2 1 runed translucent door, exclusion: dancing weapon
Vaults:2 4 runed translucent doors
Depths:3 Caat Rau's ghost, adept DgCj

#.#...#...#~..#...##.####
#.#...#...#...#...##.....
#.##'###'###'###'#######.
#.#...............#......
#.#......##.......'.####.
#.#...............#.# #.
#.##'###'###'###.##.# #.
#.#...#...#...#...#.# #.
#.#.(.#.@J#...#...#.####.
###.#################....#.
#.................#....#.#.
##..#######...###.#....#.#.
#..............#.###..#.#.
#.########................
#.# #..J..#.#..J.#.#. #.#
#.....#.....##.#. #.#
####..##...J...##


You could see a neutral jelly (wandering) (fellow slime).


Message History

Aiming: Lesser Beckoning (safe; 3% risk of failure)
Press: ? - help, Shift-Dir - straight line, f - Ice Fiend
Aim: an Ice Fiend (wandering, hasn't noticed you, 100% to hit)
The Ice Fiend hurls suddenly forward!
Gong comes into view.
The Ice Fiend gestures at you. The bolt of cold misses you.
You now have 24/26 mp.
Press: ? - help, v - describe, . - travel
Here: Gong The floor.
Unknown command.
Unknown command.
Blink to where?
Press: ? - help, Dir - move target, p - Ice Fiend
As you read the scroll of blinking, it crumbles to dust.
MP restored: 26
There is a stone staircase leading up here.
You climb upwards.
There is a stone staircase leading down here.
Casting: Lesser Beckoning (safe; 3% risk of failure)
Confirm with . or Enter, or press ? or * to list all spells.
Aiming: Passwall (mildly dangerous; 24% risk of failure)
Press: ? - help, Dir - move target A rock wall.
This square is covered in magical glow.
Magic restored.
You finish merging with the rock.
There is a staircase leading out of the dungeon here.
You have escaped!

Skill      XL: |  1  2  3  4  5  6  7  8  9 10 11 12 13 14 15 16 17 18 19 20 21 22 23 24 25 |
---------------+----------------------------------------------------------------------------+-----
Long Blades    | 1 2 3 6 7 8 9 11 13 14 15 16 17 18 19 20 21 22 23 24 | 24.0
Dodging        | 3 4 5 6 7 9 10 11 14 15 16 17 18 19 20 21 22 23 24 25 | 25.4
Stealth        | 3 5 6 8 9 |  9.0
Earth Magic    | 3 4 5 6 |  6.0
Evocations     | 1 3 4 5 6 8 9 11 12 13 14 15 | 15.0
Fighting       | 2 4 6 7 8 10 12 13 14 15 16 17 18 19 20 21 22 | 22.0
Translocations | 2 3 4 5 6 7 8 9 |  9.0
Armour         | 1 3 4 5 6 8 9 |  9.0
Throwing       | 2 5 |  5.0
Shields        | 9 11 13 14 15 17 19 20 21 | 21.6
Spellcasting   | |  2.0
Conjurations   | |  0.7

Action                     |  1- 3 |  4- 6 |  7- 9 | 10-12 | 13-15 | 16-18 | 19-21 | 22-24 | 25-27 || total
---------------------------+-------+-------+-------+-------+-------+-------+-------+-------+-------++-------
  Melee: Unarmed           |    10 |       |       |       |       |       |       |       |       ||    10
         Dagger            |       |     2 |    40 |     3 |       |       |       |       |       ||    45
         Headbutt          |       |       |    12 |   108 |   115 |       |   254 |   605 |   129 ||  1223
         Scimitar          |       |       |     1 |   406 |  1318 |  1417 |  1088 |       |       ||  4230
         Punch             |       |       |     1 |     8 |    23 |       |       |       |       ||    32
         Bite              |       |       |       |    32 |    21 |    67 |       |   152 |    84 ||   356
         Tailslap          |       |       |       |       |    10 |    50 |     7 |     5 |       ||    72
         Rapier            |       |       |       |       |       |       |    41 |       |       ||    41
         Demon blade       |       |       |       |       |       |       |   267 |  1651 |   447 ||  2365
         Pseudopods        |       |       |       |       |       |       |   123 |   366 |       ||   489
  Throw: Dart              |       |     5 |     2 |    46 |    14 |    76 |     3 |     1 |     6 ||   153
         Javelin           |       |     4 |     5 |       |     5 |       |       |       |       ||    14
   Cast: Sandblast         |    63 |    51 |   127 |    47 |    11 |       |       |       |       ||   299
         Lesser Beckoning  |       |       |       |     3 |    17 |   119 |    73 |   119 |    54 ||   385
         Apportation       |       |       |       |       |       |     5 |    12 |    15 |     3 ||    35
         Blink             |       |       |       |       |       |     2 |     1 |     2 |     2 ||     7
         Passwall          |       |       |       |       |       |       |       |     1 |     1 ||     2
 Invoke: Oozemancy         |       |     2 |     1 |     1 |     2 |     5 |     8 |     8 |     2 ||    29
  Evoke: Wand              |       |       |       |       |     1 |     2 |     4 |     3 |     1 ||    11
         Lightning rod     |       |       |       |       |       |     7 |     5 |       |     4 ||    16
         Phantom mirror    |       |       |       |       |       |       |     1 |       |     1 ||     2
    Use: Scroll            |       |     4 |     2 |     4 |     7 |    11 |     7 |    10 |     5 ||    50
         Potion            |       |     2 |       |     1 |     3 |       |       |     2 |    12 ||    20
   Stab: Confused          |       |     1 |     9 |    22 |    26 |    29 |    26 |       |       ||   113
         Sleeping          |       |       |     1 |     8 |    13 |    26 |    15 |    10 |       ||    73
         Paralysed         |       |       |       |     1 |       |       |       |       |       ||     1
         Invisible         |       |       |       |       |    14 |       |       |       |       ||    14
         Distracted        |       |       |       |       |     6 |     5 |     9 |     4 |       ||    24
 Armour: Robe              |    11 |     9 |       |       |       |       |       |       |       ||    20
         Troll leather arm |       |     3 |    29 |       |       |       |       |       |       ||    32
         Steam dragon scal |       |       |    29 |   142 |   189 |       |       |       |       ||   360
         Leather armour    |       |       |       |       |    82 |   338 |    56 |       |       ||   476
         Ring mail         |       |       |       |       |       |       |   300 |   224 |       ||   524
         Quicksilver drago |       |       |       |       |       |       |       |   121 |   112 ||   233
  Dodge: Dodged            |    29 |    34 |    70 |   302 |  1263 |   968 |   692 |   675 |   202 ||  4235
  Block: Kite shield       |       |       |       |       |   184 |  1272 |  1194 |   787 |       ||  3437
         Tower shield      |       |       |       |       |       |       |       |   676 |   387 ||  1063

Levels and vault maps discovered:
D:1:      dpeg_arrival_prison, layout_basic,
          shapermc_ecumenical_altar_totnotflames,
          nicolae_concentric_dashed_squares_wild, nicolae_houndstooth_variations
D:2:      layout_basic, nicolae_figureground_pulse
D:3:      layout_rooms, nemelex_spade_bored_becter, nicolae_vehumet_altar_sigil,
          lightli_sewer_entry_pipes
D:4:      layout_basic, uniq_pikel
D:5:      layout_basic, nicolae_dithmenos_shadow_blocks,
          minmay_temple_entry_statues, gammafunk_ghost_nasty_kobolds
D:6:      layout_rooms, nicolae_overflow_hidden_temple,
          mainiacjoe_overflow_cross_hatched, serial_shops, nicolae_shop_trees
D:7:      cheibrodos_fzero, layout_gridville, general_overflow_altar,
          lemuel_flame_loot_1, uniq_prince_ribbit1
D:8:      layout_rooms
D:9:      cheibrodos_elevator_heist, layout_cave_pools,
          nicolae_yredelemnul_corpse_copse, nicolae_ru_great_annihilating_truth
D:10:     layout_rooms, cheibrodos_worm_habitat, due_lair_maze_entry_diamond,
          biasface_ghost_orc_armoury
D:11:     layout_long_grid, nicolae_tso_swordbearing_angel, uniq_grum,
          uniq_maurice, uniq_psyche
D:12:     layout_loops_cross, zombieorc2_lemuel, serial_ice, serial_ice_f,
          serial_ice_m, serial_ice_a, serial_ice_n, serial_ice_b, serial_ice_c,
          serial_ice_k, serial_ice_o, kennysheep_small_circle
D:13:     layout_loops_cross, minmay_rotating_lava
D:14:     layout_stronghold, ximxim_vaults_locker_room, serial_park_avenue1,
          nicolae_zig_zag_zippers
D:15:     grunt_enter_depths_hoard, layout_irregular_city, basic_altar,
          uniq_louise, uniq_jorgrun
Temple:   hellmonk_temple_forest_ring
Lair:1:   layout_hall_layers, lemuel_fruit_tree, grunt_megastairs_4
Lair:2:   layout_hall_layers, minmay_lair_oklob_items
Lair:3:   layout_hall_layers, elwin_shoals_entry_stream,
          spider_nest_entry_funnel_web, st_stairs_4, infiniplex_staircase_pool,
          serial_bayou_shore_b
Lair:4:   layout_long_grid, minmay_slime_entry_oklob_open,
          gammafunk_ghost_necromancy, infiniplex_staircase_pool_2,
          serial_bayou_shore_b, grunt_megastairs_3
Lair:5:   minmay_lair_end_frog_pond, layout_cellular_growth
Shoals:1: layout_shoals, gammafunk_ghost_berserking_beasts, serial_shops,
          nicolae_take_the_stairs
Shoals:2: layout_shoals, serial_shops, shop, uniq_aizul, uniq_frances,
          uniq_ilsuiw
Shoals:3: layout_shoals, nicolae_splish_splash, uniq_polyphemus
Shoals:4: shoals_end_grunt_garden, layout_shoals, shoals_ilsuiw_ice,
          serial_shops, shop
Spider:1: layout_cave_pods, nicolae_spider_swamp_cousins
Spider:2: gammafunk_sealed_arena
Spider:3: layout_spider_delve, special_room [special_room_bee],
          nicolae_spider_orb_run, uniq_nikola, uniq_arachne, uniq_azrael
Spider:4: guppyfry_spider_rune
Slime:1:  layout_caves, nicolae_slime_getting_an_eyeful
Slime:2:  layout_caves
Slime:3:  layout_caves
Slime:4:  layout_caves
Slime:5:  slime_pit
Orc:1:    layout_diamond_mine, mines1_david, uniq_erica, uniq_snorg
Orc:2:    st_orc_elflike, layout_caves, mines5_lemuel
Elf:1:    nicolae_elf_arrival_dilemma, layout_loops_cross, basic_altar,
          minivault_28, bh_hangedman_babel_library
Elf:2:    nicolae_elf_blades_splatter_lattice
          [nicolae_blade_entry_splitting_headache], layout_geoelf_octagon,
          serial_shops, nicolae_shop_crystal, nicolae_shop_industrial_runoff,
          shop, enter_trove_3
Elf:3:    minmay_elf_hall, layout_geoelf_octagon, uniq_saint_roka
Vaults:1: nicolae_vaults_mitosis, nicolae_vaults_know_your_exits, v_pattern_5,
          ontoclasm_vaults_tryst, nicolae_vaults_border_crossing,
          hangedman_vaults_cutoff, ontoclasm_vaults_chip, v_misc_9,
          nicolae_vaults_hallways_thing, nicolae_vaults_two_Ls,
          nicolae_vaults_diagonal_hallway_9, v_misc_14,
          layout_vaults_maze_bifur, serial_shops, nicolae_shop_drivethru,
          uniq_donald, uniq_norris
Vaults:2: advil_vaults_ghost_lines, vaults_room_ringed_pool,
          minmay_crypt_entry_simple_walls, nicolae_vaults_closet_pinwheel_6,
          hangedman_vaults_impose, hangedman_vaults_pinch,
          nicolae_vaults_double_plus_1, nicolae_vaults_storage_closets_2,
          nicolae_vaults_house_2, nicolae_vaults_library_corner,
          vaults_room_grid, nicolae_vaults_house_2, nicolae_vaults_diamond_2,
          dpeg_vaults_monster_box, layout_vaults_chaotic_city, serial_shops,
          nicolae_shop_competitors_out_of_business, uniq_margery
Vaults:3: hangedman_vaults_restitches, hangedman_vaults_hat,
          vaults_mumra_chevron_long, grunt_vaults_bifocal, vaults_dpeg_cross,
          vaults_room_grid, nicolae_vaults_closet_pinwheel_4,
          ontoclasm_vaults_decontamination, vaults_standard_mumra_x,
          layout_vaults_ring, uniq_xtahua
Vaults:4: v_misc_29, v_misc_13, ontoclasm_vaults_hangar, v_misc_22, v_misc_11,
          nicolae_vaults_house_2, nicolae_vaults_network_square,
          vaults_dpeg_ring, nicolae_vaults_six-pack,
          nicolae_vaults_little_squares_3, layout_vaults_omnicross
Depths:1: layout_basic, grunt_hell_horde, bh_walls_and_bars, led_sif_pool,
          grunt_megastairs_5, kennysheep_random_hallway, serial_bayou_shore_b,
          uniq_bai_suzhen
Depths:2: grunt_deathspiral_large, layout_basic, rand_demon_pan_entry_5,
          hell_entry, serial_library_hellmonk_open_cross,
          minmay_the_grid_square_5x5_3x3_mashed
          [minmay_the_grid_square_5x5_sharp_hourglass,
          minmay_the_grid_square_5x5_minibox, minmay_the_grid_square_5x5_tie,
          minmay_the_grid_square_5x5_mess,
          minmay_the_grid_square_5x5_megaprize_hollow,
          minmay_the_grid_square_5x5_detours,
          minmay_the_grid_square_5x5_inverted_slash,
          minmay_the_grid_square_5x5_z, minmay_the_grid_square_5x5_three_walls]
Depths:3: kennysheep_snake, layout_gridlike, enter_ziggurat_d,
          abyss_entry_glasseish, gammafunk_ghost_arena,
          pf_hell_entry_tar_spiral, good_gods_temple_1
Depths:4: grunt_zot_entry_alcove, layout_cave_pools, pan_entry, hell_entry,
          nicolae_lava_and_water
Zot:1:    kennysheep_oblong_rooms, layout_basic, uniq_josephina
Zot:2:    layout_onion_interference, regret_index_zotdec_stipple_waver,
          hangedman_swamp_dais
Zot:3:    layout_concentric_octagons, zot_minivault_5
Zot:4:    layout_gridville, uniq_parghit
Zot:5:    layout_cathedral_of_symmetry, uniq_tiamat

Notes
Turn   | Place    | Note
-------+----------+-------------------------------------------
     0 | D:1      | Xpym the Merfolk Earth Elementalist began the quest for the
                  | Orb.
     0 | D:1      | Reached XP level 1. HP: 13/13 MP: 3/3
   214 | D:1      | Reached skill level 1 in Long Blades
   258 | D:1      | Reached skill level 3 in Dodging
   258 | D:1      | Reached XP level 2. HP: 19/19 MP: 3/5
   352 | D:1      | Found a faded altar of an unknown god.
   372 | D:1      | Prayed at the altar of an unknown god.
   372 | D:1      | Became a worshipper of Jiyva Joaxkav the Shapeless
   372 | D:1      | Reached * piety under Jiyva
   489 | D:1      | Reached skill level 2 in Long Blades
   611 | D:1      | Reached XP level 3. HP: 24/24 MP: 4/6
  1015 | D:2      | Reached ** piety under Jiyva
  1574 | D:3      | Reached skill level 3 in Stealth
  1595 | D:3      | Found a sparkling altar of Nemelex Xobeh.
  1727 | D:3      | Reached *** piety under Jiyva
  1756 | D:3      | Gained mutation: Your body has grown eyes which may confuse
                  | attackers. (Acc +3) [Jiyva's grace]
  1756 | D:3      | Gained mutation: Your body has grown many eyes which may
                  | confuse attackers. (Acc +5) [Jiyva's grace]
  1756 | D:3      | Gained mutation: Your body is covered in eyes which may
                  | confuse attackers. (Acc +7, SInv) [Jiyva's grace]
  1756 | D:3      | Gained mutation: You have a small jelly attached to you
                  | that may absorb projectiles. [Jiyva's grace]
  1764 | D:3      | Reached XP level 4. HP: 30/30 MP: 7/7
  1767 | D:3      | Found a radiant altar of Vehumet.
  1855 | D:3      | Reached skill level 3 in Long Blades
  1877 | D:3      | Found a glowing drain.
  1881 | D:3      | Reached skill level 3 in Earth Magic
  1881 | D:3      | Reached XP level 5. HP: 35/35 MP: 8/8
  1888 | Sewer    | Entered a sewer
  1959 | Sewer    | Noticed Pargi
  1969 | Sewer    | Killed Pargi
  1970 | Sewer    | Reached skill level 4 in Dodging
  2002 | Sewer    | Reached XP level 6. HP: 39/41 MP: 7/9
  2136 | D:4      | Identified 2 potions of resistance
  2192 | D:4      | Reached skill level 4 in Stealth
  2350 | D:4      | Noticed Pikel
  2362 | D:4      | Killed Pikel
  2363 | D:4      | Reached skill level 6 in Long Blades
  2363 | D:4      | Reached skill level 5 in Dodging
  2363 | D:4      | Reached skill level 5 in Stealth
  2363 | D:4      | Reached skill level 4 in Earth Magic
  2363 | D:4      | Reached XP level 7. HP: 46/46 MP: 10/10
  2821 | D:4      | Reached skill level 7 in Long Blades
  2821 | D:4      | Reached skill level 1 in Evocations
  2821 | D:4      | Reached XP level 8. HP: 52/52 MP: 11/11
  2886 | D:5      | Entered Level 5 of the Dungeon
  2983 | D:5      | Reached skill level 2 in Evocations
  2990 | D:5      | Learned a level 2 spell: Blink
  3087 | D:5      | Reached skill level 1 in Fighting
  3124 | D:5      | Reached skill level 1 in Translocations
  3158 | D:4      | Reached skill level 1 in Armour
  3236 | D:5      | Found a staircase to the Ecumenical Temple.
  3284 | D:5      | Reached **** piety under Jiyva
  3291 | D:5      | Found a shadowy altar of Dithmenos.
  3409 | D:5      | Reached skill level 2 in Fighting
  3499 | D:5      | Reached skill level 3 in Evocations
  3614 | D:6      | Found Hostil's Armour Emporium.
  3614 | D:6      | Gained mutation: You have a pair of small horns on your
                  | head. [Jiyva's grace]
  3614 | D:6      | Gained mutation: You have a pair of horns on your head.
                  | [Jiyva's grace]
  3614 | D:6      | Gained mutation: You have a pair of large horns on your
                  | head. [Jiyva's grace]
  3614 | D:6      | Gained mutation: You have hidden genetic potential.
                  | [Jiyva's grace]
  3624 | D:6      | Bought a +0 cloak for 49 gold pieces
  3666 | D:5      | Reached skill level 8 in Long Blades
  3709 | D:5      | Found a runed translucent gate.
  3709 | D:5      | Found a runed translucent gate.
  3709 | D:5      | Found a runed translucent gate.
  3710 | D:5      | Noticed Asparus's ghost (novice OpEE)
  3969 | D:6      | Reached skill level 2 in Translocations
  3969 | D:6      | Reached XP level 9. HP: 62/62 MP: 12/12
  3976 | D:6      | Found a glowing golden altar of the Shining One.
  4013 | D:6      | Reached skill level 3 in Fighting
  4013 | D:6      | Reached skill level 2 in Armour
  4402 | D:7      | Noticed Prince Ribbit
  4406 | D:7      | Killed Prince Ribbit
  4520 | D:7      | Reached skill level 4 in Evocations
  4569 | D:7      | Gained mutation: You are strong-willed. (Will+) [hidden
                  | potential]
  4629 | D:6      | Found a hide-covered altar of Uskayaw.
  4653 | D:7      | Reached ***** piety under Jiyva
  4774 | D:7      | Noticed a two-headed ogre
  4808 | D:7      | Reached skill level 4 in Fighting
  4808 | D:7      | Reached skill level 3 in Translocations
  4809 | D:7      | Killed a two-headed ogre
  4810 | D:7      | Reached skill level 9 in Long Blades
  4810 | D:7      | Reached skill level 3 in Armour
  4812 | D:7      | Reached skill level 6 in Dodging
  4812 | D:7      | Reached XP level 10. HP: 64/73 MP: 13/13
  4843 | D:7      | You fall into a shaft and drop 2 floors!
  4975 | D:9      | Reached skill level 5 in Evocations
  5051 | D:9      | Found a sacrificial altar of Ru.
  5104 | D:9      | Noticed a two-headed ogre
  5114 | D:9      | Killed a two-headed ogre
  5115 | D:9      | Reached skill level 5 in Fighting
  5115 | D:9      | Reached skill level 10 in Long Blades
  5115 | D:9      | Reached skill level 1 in Throwing
  5115 | D:9      | Gained mutation: You are covered in fur. (AC +1) [hidden
                  | potential]
  5115 | D:9      | Lost mutation: You have hidden genetic potential. [hidden
                  | potential expressed]
  5220 | D:9      | Reached skill level 4 in Translocations
  5362 | D:9      | Reached skill level 7 in Dodging
  5395 | D:9      | Reached skill level 2 in Throwing
  5467 | D:9      | Reached skill level 11 in Long Blades
  5509 | D:8      | Reached skill level 6 in Fighting
  5590 | D:7      | Noticed a two-headed ogre
  5637 | D:8      | Reached XP level 11. HP: 78/81 MP: 14/14
  5666 | D:7      | Reached skill level 3 in Throwing
  5682 | D:7      | Found a glowing silver altar of Zin.
  5751 | D:7      | Lost mutation: You have a pair of large horns on your head.
                  | [Jiyva's grace]
  5751 | D:7      | Lost mutation: You have a small jelly attached to you that
                  | may absorb projectiles. [Jiyva's grace]
  5751 | D:7      | Gained mutation: You are agile. (Dex +4, Str/Int -1)
                  | [Jiyva's grace]
  5751 | D:7      | Gained mutation: You are very agile. (Dex +8, Str/Int -2)
                  | [Jiyva's grace]
  5751 | D:7      | Gained mutation: You have a pair of large horns on your
                  | head. [Jiyva's grace]
  5751 | D:7      | Gained mutation: You have acidic saliva. [Jiyva's grace]
  5760 | D:7      | Killed a two-headed ogre
  5778 | D:7      | Reached skill level 8 in Dodging
  6278 | D:9      | Noticed a manticore
  6283 | D:9      | Noticed a death knight
  6283 | D:9      | Noticed a green ugly thing
  6375 | D:9      | Found a basalt altar of Yredelemnul.
  6397 | D:9      | Reached skill level 12 in Long Blades
  6409 | D:9      | Reached skill level 5 in Translocations
  6468 | D:10     | Entered Level 10 of the Dungeon
  6478 | D:9      | Reached skill level 4 in Throwing
  6683 | D:9      | Noticed a centaur warrior
  6727 | D:10     | Found a snail-covered altar of Cheibriados.
  6781 | D:10     | Reached skill level 7 in Fighting
  6876 | D:10     | Found a staircase to the Lair.
  6952 | D:10     | Reached skill level 9 in Dodging
  7137 | D:10     | Found a runed translucent gate.
  7138 | D:10     | Noticed HaleSumoOx's ghost (journeyman DjFE)
  7139 | D:10     | Found a runed translucent gate.
  7140 | D:10     | Found a runed translucent gate.
  7152 | D:10     | Found the -2 hat of the Alchemist {rElec rPois rF+ rC+ rN+
                  | Will+ rMut rCorr}
  7197 | Lair:1   | Entered Level 1 of the Lair of Beasts
  7284 | Lair:1   | Reached skill level 13 in Long Blades
  7287 | Lair:1   | Reached skill level 5 in Throwing
  7287 | Lair:1   | Reached XP level 12. HP: 91/91 MP: 15/15
  7365 | Lair:1   | Learned a level 2 spell: Lesser Beckoning
  7369 | Lair:1   | Learned a level 3 spell: Passwall
  7384 | Lair:1   | Reached ****** piety under Jiyva
  7404 | Lair:1   | Reached skill level 8 in Fighting
  7419 | Lair:1   | Reached skill level 6 in Translocations
  7657 | Lair:1   | Lost mutation: You have a pair of large horns on your head.
                  | [Jiyva's grace]
  7657 | Lair:1   | Lost mutation: You have a pair of horns on your head.
                  | [Jiyva's grace]
  7657 | Lair:1   | Lost mutation: You have acidic saliva. [Jiyva's grace]
  7657 | Lair:1   | Lost mutation: Your body is covered in eyes which may
                  | confuse attackers. (Acc +7, SInv) [Jiyva's grace]
  7657 | Lair:1   | Gained mutation: Your translucent skin slightly reduces
                  | your foes' accuracy. (Stealth+) [Jiyva's grace]
  7657 | Lair:1   | Gained mutation: Your translucent skin reduces your foes'
                  | accuracy. (Stealth+) [Jiyva's grace]
  7657 | Lair:1   | Gained mutation: Your transparent skin significantly
                  | reduces your foes' accuracy. (Stealth+) [Jiyva's grace]
  7657 | Lair:1   | Gained mutation: Your flesh is heat resistant. (rF+)
                  | [Jiyva's grace]
  8443 | Lair:2   | Reached skill level 6 in Stealth
  8610 | Lair:2   | Reached skill level 14 in Long Blades
  8806 | Lair:2   | Reached skill level 10 in Dodging
  8884 | Lair:2   | Reached skill level 4 in Armour
  8908 | Lair:2   | Identified the ring of Heresy {rPois rF+ Will++ SInv
                  | Stlth-}
  8919 | Lair:2   | Reached skill level 5 in Earth Magic
  8919 | Lair:2   | Reached XP level 13. HP: 98/100 MP: 16/16
  9225 | Lair:3   | Reached skill level 9 in Fighting
  9313 | Lair:3   | Lost mutation: You are very agile. (Dex +8, Str/Int -2)
                  | [Jiyva's grace]
  9313 | Lair:3   | Lost mutation: You are covered in fur. (AC +1) [Jiyva's
                  | grace]
  9313 | Lair:3   | Lost mutation: Your body has grown many eyes which may
                  | confuse attackers. (Acc +5) [Jiyva's grace]
  9313 | Lair:3   | Lost mutation: Your transparent skin significantly reduces
                  | your foes' accuracy. (Stealth+) [Jiyva's grace]
  9313 | Lair:3   | Gained mutation: You are resistant to electric shocks.
                  | (rElec) [Jiyva's grace]
  9313 | Lair:3   | Gained mutation: Your rubbery body absorbs attacks. (AC +1,
                  | EV +1) [Jiyva's grace]
  9313 | Lair:3   | Gained mutation: Your pliable body absorbs attacks. (AC +2,
                  | EV +2) [Jiyva's grace]
  9313 | Lair:3   | Gained mutation: Your gelatinous body deflects attacks. (AC
                  | +3, EV +3) [Jiyva's grace]
  9318 | Lair:3   | Reached skill level 7 in Stealth
  9523 | Lair:3   | Reached skill level 7 in Translocations
  9644 | Lair:3   | Found a staircase to the Shoals.
  9943 | Lair:3   | Found a hole to the Spider Nest.
 10305 | Lair:4   | Found a staircase to the Slime Pits.
 10305 | Lair:4   | Found a viscous altar of Jiyva.
 10318 | Lair:4   | Reached skill level 11 in Dodging
 10319 | Slime:1  | Entered Level 1 of the Pits of Slime
 10319 | Slime:1  | Noticed an acid blob
 10319 | Slime:1  | Noticed an azure jelly
 10319 | Slime:1  | Noticed an acid blob
 10324 | Slime:1  | Noticed a formless jellyfish
 10326 | Slime:2  | Noticed an azure jelly
 10328 | Slime:2  | Noticed an acid blob
 10329 | Slime:2  | Noticed a quicksilver ooze
 10330 | Slime:2  | Noticed an azure jelly
 10332 | Slime:3  | Noticed a rockslime
 10336 | Slime:3  | Noticed a rockslime
 10344 | Slime:4  | Noticed a rockslime
 10353 | Slime:5  | Entered Level 5 of the Pits of Slime
 10353 | Slime:5  | Noticed an azure jelly
 10369 | Slime:5  | Noticed a quicksilver ooze
 10372 | Slime:5  | Found a viscous altar of Jiyva.
 10373 | Slime:5  | Noticed a great orb of eyes
 10374 | Slime:5  | Noticed a quicksilver ooze
 10374 | Slime:5  | Noticed an acid blob
 10375 | Slime:5  | Noticed an acid blob
 10376 | Slime:5  | Noticed an acid blob
 10377 | Slime:5  | Noticed an acid blob
 10379 | Slime:5  | Identified the ring "Eqitow" {Wiz rC+}
 10381 | Slime:5  | Identified the +3 bardiche of Youthful Indiscretion {flame,
                  | Str-3 Dex+5}
 10382 | Slime:5  | Identified the +9 flail of Niqinwe {freeze, rN+ Str+4}
 10382 | Slime:5  | Noticed the Royal Jelly
 10382 | Slime:5  | Noticed a rockslime
 10383 | Slime:5  | Found the +3 hat of Pondering {ponderous, Will+ MP+10
                  | Int+5}
 10385 | Slime:5  | Noticed a rockslime
 10385 | Slime:5  | Noticed an acid blob
 10385 | Slime:5  | Noticed an acid blob
 10388 | Slime:5  | Identified the staff of Dismay {rPois rF+ Will- rCorr Summ
                  | Fire}
 10391 | Slime:5  | Got a slimy rune of Zot
 10392 | Slime:5  | Identified the ring "Daynosy" {Will+ EV+5}
 10413 | Slime:5  | Got the Treatise on Detritus and the Traveller
 10415 | Slime:5  | Identified the +3 great mace of Departure {freeze, Will+}
 10428 | Slime:5  | Identified the ring "Fiump" {rPois rN+ AC+4 Int-2 Dex+2}
 10433 | Slime:5  | Noticed a quicksilver ooze
 10435 | Slime:5  | Noticed an azure jelly
 10439 | Slime:5  | Got a starry gem with 482 turns to spare
 10475 | Slime:4  | Noticed a great orb of eyes
 10494 | Slime:2  | Noticed a quicksilver ooze
 10749 | Lair:4   | Reached skill level 8 in Stealth
 10855 | Lair:4   | Reached skill level 5 in Armour
 10911 | Lair:4   | Found a runed translucent gate.
 10911 | Lair:4   | Found a runed translucent gate.
 10912 | Lair:4   | Found a runed translucent gate.
 10915 | Lair:4   | Noticed Fiha's ghost (journeyman VSSh)
 11197 | Lair:5   | Entered Level 5 of the Lair of Beasts
 11271 | Lair:5   | Reached skill level 6 in Earth Magic
 11294 | Lair:5   | Reached skill level 10 in Fighting
 11494 | Lair:5   | Reached XP level 14. HP: 101/111 MP: 17/17
 11515 | Lair:5   | Reached skill level 9 in Stealth
 11539 | Lair:5   | Reached skill level 12 in Dodging
 11749 | Lair:5   | Lost mutation: You have a pair of small horns on your head.
                  | [Jiyva's grace]
 11749 | Lair:5   | Lost mutation: You are strong-willed. (Will+) [Jiyva's
                  | grace]
 11749 | Lair:5   | Gained mutation: You have a small jelly attached to you
                  | that may absorb projectiles. [Jiyva's grace]
 11749 | Lair:5   | Gained mutation: Your system is resistant to poisons.
                  | (rPois) [Jiyva's grace]
 11749 | Lair:5   | Gained mutation: Your muscles are strong. (Str +4, Int/Dex
                  | -1) [Jiyva's grace]
 11749 | Lair:5   | Gained mutation: Your muscles are very strong. (Str +8,
                  | Int/Dex -2) [Jiyva's grace]
 11852 | Lair:5   | Reached skill level 6 in Armour
 11872 | Lair:5   | Reached skill level 11 in Fighting
 12274 | Lair:3   | Killed Fiha's ghost
 12275 | Lair:3   | Reached skill level 13 in Dodging
 12576 | D:5      | Killed Asparus's ghost
 12729 | D:10     | Killed HaleSumoOx's ghost
 13058 | D:11     | Noticed Maurice
 13062 | D:11     | Noticed Grum
 13068 | D:11     | Killed Maurice
 13079 | D:11     | Killed Grum
 13180 | D:11     | Noticed Psyche
 13185 | D:11     | Killed Psyche
 13216 | D:11     | Reached skill level 12 in Fighting
 13298 | D:11     | Found a glowing golden altar of the Shining One.
 13471 | D:12     | Lost mutation: Your muscles are very strong. (Str +8,
                  | Int/Dex -2) [Jiyva's grace]
 13471 | D:12     | Lost mutation: You have a small jelly attached to you that
                  | may absorb projectiles. [Jiyva's grace]
 13471 | D:12     | Gained mutation: Your mind is acute. (Int +4, Str/Dex -1)
                  | [Jiyva's grace]
 13471 | D:12     | Gained mutation: Your mind is very acute. (Int +8, Str/Dex
                  | -2) [Jiyva's grace]
 13471 | D:12     | Gained mutation: You are partially covered in iridescent
                  | scales. (AC +2) [Jiyva's grace]
 13471 | D:12     | Gained mutation: You are mostly covered in iridescent
                  | scales. (AC +4) [Jiyva's grace]
 13579 | D:12     | Learned a level 1 spell: Apportation
 13582 | D:12     | Learned a level 2 spell: Momentum Strike
 13610 | D:12     | Found a staircase to the Orcish Mines.
 13654 | D:12     | Reached skill level 14 in Dodging
 14236 | Orc:1    | Entered Level 1 of the Orcish Mines
 14301 | Orc:1    | Noticed Erica
 14306 | Orc:1    | Killed Erica
 14322 | Orc:1    | Noticed Snorg
 14337 | Orc:1    | Killed Snorg
 14782 | Orc:2    | Entered Level 2 of the Orcish Mines
 14832 | Orc:2    | Found a staircase to the Elven Halls.
 14951 | Orc:1    | Reached XP level 15. HP: 122/122 MP: 18/18
 15299 | Orc:2    | Reached skill level 13 in Fighting
 15299 | Orc:2    | Reached skill level 6 in Evocations
 15314 | Orc:2    | Reached skill level 15 in Dodging
 15414 | Orc:2    | Found Osyuw's General Store.
 15414 | Orc:2    | Found Robimpad's General Store.
 15425 | Orc:2    | Found Pevil's Armour Shoppe.
 15425 | Orc:2    | Found Tioxkuism's Magic Scroll Shoppe.
 15493 | Orc:2    | Bought a +2 kite shield of protection for 236 gold pieces
 15493 | Orc:2    | Bought a +2 pair of gloves of infusion for 236 gold pieces
 15515 | Orc:2    | Bought a scroll of identify for 26 gold pieces
 15515 | Orc:2    | Bought 3 scrolls of teleportation for 117 gold pieces
 15518 | Orc:2    | Bought a scroll of enchant armour for 105 gold pieces
 15521 | Orc:2    | Bought a scroll of fog for 52 gold pieces
 15521 | Orc:2    | Bought a scroll of enchant armour for 97 gold pieces
 15551 | Orc:2    | Reached skill level 1 in Shields
 15710 | D:6      | Bought the +0 leather armour "Kyniugg" {Slay+3} for 237
                  | gold pieces
 15870 | D:13     | Reached skill level 2 in Shields
 15926 | D:13     | Reached skill level 3 in Shields
 15943 | D:13     | Reached skill level 4 in Shields
 16161 | D:13     | Reached skill level 5 in Shields
 16279 | D:13     | Lost mutation: You are mostly covered in iridescent scales.
                  | (AC +4) [Jiyva's grace]
 16279 | D:13     | Lost mutation: Your body has grown eyes which may confuse
                  | attackers. (Acc +3) [Jiyva's grace]
 16279 | D:13     | Lost mutation: Your gelatinous body deflects attacks. (AC
                  | +3, EV +3) [Jiyva's grace]
 16279 | D:13     | Gained mutation: Your melee attacks may engulf your foes in
                  | ooze. [Jiyva's grace]
 16279 | D:13     | Gained mutation: You have acidic saliva. [Jiyva's grace]
 16279 | D:13     | Gained mutation: You are mostly covered in iridescent
                  | scales. (AC +4) [Jiyva's grace]
 16279 | D:13     | Gained mutation: You are completely covered in iridescent
                  | scales. (AC +6) [Jiyva's grace]
 16484 | D:13     | Reached skill level 6 in Shields
 16865 | D:14     | Reached skill level 7 in Shields
 17123 | D:14     | Gained mutation: Your flesh is very heat resistant. (rF++)
                  | [Jiyva's grace]
 17123 | D:14     | Gained mutation: Your flesh is almost immune to the effects
                  | of heat. (rF+++) [Jiyva's grace]
 17123 | D:14     | Gained mutation: You are very agile. (Dex +8, Str/Int -2)
                  | [Jiyva's grace]
 17123 | D:14     | Gained mutation: You possess an exceptional clarity of
                  | mind. [Jiyva's grace]
 17261 | D:14     | Reached skill level 8 in Shields
 17298 | D:14     | Found a gate to the Vaults.
 17348 | D:14     | Reached skill level 9 in Shields
 17493 | D:15     | Entered Level 15 of the Dungeon
 17542 | D:15     | Found a glowing silver altar of Zin.
 17571 | D:15     | Noticed Jorgrun
 17580 | D:15     | Killed Jorgrun
 17594 | D:15     | Reached XP level 16. HP: 119/131 MP: 19/19
 17887 | D:15     | Noticed Louise
 17913 | D:15     | Killed Louise
 18071 | D:15     | Reached skill level 15 in Long Blades
 18077 | D:15     | Found a staircase to the Depths.
 18337 | D:9      | Reached skill level 7 in Evocations
 18463 | Temple   | Entered the Ecumenical Temple
 18669 | Shoals:1 | Entered Level 1 of the Shoals
 18709 | Shoals:1 | Reached skill level 10 in Shields
 18737 | Shoals:1 | Identified the +8 chain mail of Sunlight {rF++ rC+ Int-5
                  | Stlth+}
 18853 | Shoals:1 | Found a transporter.
 18891 | Shoals:1 | Lost mutation: Your pliable body absorbs attacks. (AC +2,
                  | EV +2) [Jiyva's grace]
 18891 | Shoals:1 | Lost mutation: Your rubbery body absorbs attacks. (AC +1,
                  | EV +1) [Jiyva's grace]
 18891 | Shoals:1 | Gained mutation: You expend magic power (3 MP) to
                  | strengthen your wands. [Jiyva's grace]
 18891 | Shoals:1 | Gained mutation: Your flesh is cold resistant. (rC+)
                  | [Jiyva's grace]
 18891 | Shoals:1 | Gained mutation: Your flesh is very cold resistant. (rC++)
                  | [Jiyva's grace]
 18891 | Shoals:1 | Gained mutation: Your flesh is almost immune to the effects
                  | of cold. (rC+++) [Jiyva's grace]
 18891 | Shoals:1 | Noticed Woutahasch's ghost (journeyman HOFi)
 18978 | Shoals:1 | Found a transporter.
 19262 | Shoals:1 | Found Xofad's Antique Weapon Shoppe.
 19594 | Shoals:2 | Noticed Ilsuiw
 19615 | Shoals:2 | Killed Ilsuiw
 19616 | Shoals:2 | Reached skill level 16 in Dodging
 19748 | Shoals:2 | Noticed Frances
 19759 | Shoals:2 | Killed Frances
 19760 | Shoals:2 | Reached skill level 11 in Shields
 19763 | Shoals:2 | Reached skill level 14 in Fighting
 19802 | Shoals:2 | Found Caumib's Assorted Antiques.
 19810 | Shoals:2 | Bought a slimy turquoise ring for 190 gold pieces
 19810 | Shoals:2 | Identified the ring of Division {rPois rN+} (You bought it
                  | in a shop on level 2 of the Shoals)
 19860 | Shoals:2 | Identified a +0 robe of resistance
 20036 | Shoals:2 | Identified the serpent talisman of the Unseen Realm {Int+3
                  | Slay+2}
 20036 | Shoals:2 | Noticed Aizul
 20059 | Shoals:2 | Killed Aizul
 20398 | Shoals:3 | Noticed a kraken
 20414 | Shoals:3 | Killed a kraken
 20415 | Shoals:3 | Reached skill level 8 in Evocations
 20501 | Shoals:3 | Noticed Polyphemus
 20531 | Shoals:3 | Killed Polyphemus
 20532 | Shoals:3 | Reached XP level 17. HP: 124/139 MP: 18/20
 20686 | Shoals:3 | Lost mutation: You are completely covered in iridescent
                  | scales. (AC +6) [Jiyva's grace]
 20686 | Shoals:3 | Lost mutation: Your mind is very acute. (Int +8, Str/Dex
                  | -2) [Jiyva's grace]
 20686 | Shoals:3 | Lost mutation: Your mind is acute. (Int +4, Str/Dex -1)
                  | [Jiyva's grace]
 20686 | Shoals:3 | Lost mutation: Your flesh is almost immune to the effects
                  | of heat. (rF+++) [Jiyva's grace]
 20686 | Shoals:3 | Lost mutation: You are resistant to electric shocks.
                  | (rElec) [Jiyva's grace]
 20686 | Shoals:3 | Lost mutation: Your muscles are strong. (Str +4, Int/Dex
                  | -1) [Jiyva's grace]
 20686 | Shoals:3 | Lost mutation: You have acidic saliva. [Jiyva's grace]
 20686 | Shoals:3 | Gained mutation: Your muscles are strong. (Str +4, Int/Dex
                  | -1) [Jiyva's grace]
 20686 | Shoals:3 | Gained mutation: Your muscles are very strong. (Str +8,
                  | Int/Dex -2) [Jiyva's grace]
 20686 | Shoals:3 | Gained mutation: Your movements are slightly less
                  | encumbered by armour. (ER -2) [Jiyva's grace]
 20686 | Shoals:3 | Gained mutation: Your movements are less encumbered by
                  | armour. (ER -4) [Jiyva's grace]
 20982 | Shoals:4 | Entered Level 4 of the Shoals
 20982 | Shoals:4 | Found Xunymiy's Armour Emporium.
 21130 | Shoals:4 | Reached skill level 16 in Long Blades
 21190 | Shoals:4 | Reached skill level 12 in Shields
 21630 | Shoals:4 | Got a barnacled rune of Zot
 21631 | Shoals:4 | Noticed a kraken
 21651 | Shoals:4 | Killed a kraken
 21848 | Shoals:4 | Noticed a kraken
 21874 | Shoals:4 | Killed a kraken
 21875 | Shoals:4 | Reached skill level 17 in Dodging
 22046 | Spider:1 | Entered Level 1 of the Spider Nest
 22059 | Spider:1 | Reached skill level 9 in Evocations
 22390 | Spider:1 | Reached skill level 13 in Shields
 22416 | Spider:1 | Lost mutation: You are very agile. (Dex +8, Str/Int -2)
                  | [Jiyva's grace]
 22416 | Spider:1 | Lost mutation: You possess an exceptional clarity of mind.
                  | [Jiyva's grace]
 22416 | Spider:1 | Lost mutation: Your flesh is very heat resistant. (rF++)
                  | [Jiyva's grace]
 22416 | Spider:1 | Lost mutation: Your muscles are very strong. (Str +8,
                  | Int/Dex -2) [Jiyva's grace]
 22416 | Spider:1 | Gained mutation: You have a small jelly attached to you
                  | that senses nearby items. [Jiyva's grace]
 22416 | Spider:1 | Gained mutation: You are resistant to electric shocks.
                  | (rElec) [Jiyva's grace]
 22416 | Spider:1 | Gained mutation: Your body has grown eyes which may confuse
                  | attackers. (Acc +3) [Jiyva's grace]
 22416 | Spider:1 | Gained mutation: Your body has grown many eyes which may
                  | confuse attackers. (Acc +5) [Jiyva's grace]
 22508 | Spider:1 | Reached XP level 18. HP: 141/148 MP: 21/21
 22536 | Spider:1 | Reached skill level 15 in Fighting
 23128 | Spider:2 | Found a transporter.
 23145 | Spider:2 | Found a transporter.
 23268 | Spider:2 | Reached skill level 8 in Translocations
 24011 | Spider:3 | Lost mutation: You are agile. (Dex +4, Str/Int -1) [Jiyva's
                  | grace]
 24011 | Spider:3 | Lost mutation: Your body has grown many eyes which may
                  | confuse attackers. (Acc +5) [Jiyva's grace]
 24011 | Spider:3 | Lost mutation: You have a small jelly attached to you that
                  | senses nearby items. [Jiyva's grace]
 24011 | Spider:3 | Lost mutation: Your melee attacks may engulf your foes in
                  | ooze. [Jiyva's grace]
 24011 | Spider:3 | Gained mutation: Your muscles are very strong. (Str +8,
                  | Int/Dex -2) [Jiyva's grace]
 24011 | Spider:3 | Gained mutation: You are somewhat resistant to further
                  | mutation. [Jiyva's grace]
 24011 | Spider:3 | Gained mutation: You are somewhat resistant to both further
                  | mutation and mutation removal. [Jiyva's grace]
 24011 | Spider:3 | Gained mutation: You are almost entirely resistant to
                  | further mutation and mutation removal. [Jiyva's grace]
 24125 | Spider:3 | Noticed Nikola
 24147 | Spider:3 | Killed Nikola
 24236 | Spider:3 | Reached skill level 17 in Long Blades
 24548 | Spider:4 | Entered Level 4 of the Spider Nest
 24586 | Spider:3 | Noticed Azrael
 24595 | Spider:3 | Reached skill level 14 in Shields
 24609 | Spider:3 | Noticed Arachne
 24629 | Spider:3 | Killed Arachne
 24731 | Spider:3 | Killed Azrael
 24962 | Spider:4 | Learned a level 4 spell: Passage of Golubria
 25336 | Spider:4 | Reached skill level 18 in Dodging
 25501 | Spider:4 | Got a gossamer rune of Zot
 25626 | Spider:4 | Identified the +4 chain mail of the Old and Reckless {rC+
                  | Int-4 Dex+6}
 25663 | Spider:4 | Reached XP level 19. HP: 157/157 MP: 19/22
 26119 | Shoals:1 | Killed Woutahasch's ghost
 26183 | Shoals:1 | Identified the +0 pair of gloves of Tiunonac {Will+}
 26389 | Elf:1    | Entered Level 1 of the Elven Halls
 26389 | Elf:1    | Found a runed translucent gate.
 26389 | Elf:1    | Found a runed translucent gate.
 26389 | Elf:1    | Found a runed translucent gate.
 26389 | Elf:1    | Found a runed translucent gate.
 26389 | Elf:1    | Found a runed translucent gate.
 26389 | Elf:1    | Found a runed translucent gate.
 26390 | Elf:1    | Found a runed translucent door.
 26403 | Elf:1    | Identified the +4 falchion "Demin" {freeze, ^Fragile Fly
                  | rN+ Str+4}
 26416 | Elf:1    | Found a runed translucent door.
 26428 | Elf:1    | Reached skill level 16 in Fighting
 26465 | Elf:1    | Reached skill level 15 in Shields
 26796 | Elf:1    | Lost mutation: Your system is resistant to poisons. (rPois)
                  | [Jiyva's grace]
 26796 | Elf:1    | Lost mutation: Your translucent skin reduces your foes'
                  | accuracy. (Stealth+) [Jiyva's grace]
 26796 | Elf:1    | Gained mutation: You are covered in slimy tendrils that may
                  | disarm your opponents. [Jiyva's grace]
 26796 | Elf:1    | Gained mutation: You have a small jelly attached to you
                  | that senses nearby items. [Jiyva's grace]
 26796 | Elf:1    | Gained mutation: You passively map a small area around you.
                  | [Jiyva's grace]
 26796 | Elf:1    | Gained mutation: You passively map the area around you.
                  | [Jiyva's grace]
 26915 | Elf:1    | Got the Catalogue of Sand
 26915 | Elf:1    | Got the Atlas of Combed Thunderclap
 27041 | Elf:1    | Found a radiant altar of Vehumet.
 27191 | Elf:1    | Identified the +1 ring mail "Usutum" {Dex+3}
 27322 | Elf:2    | Found Canug's Distillery.
 27335 | Elf:2    | Bought a potion of attraction for 60 gold pieces
 27335 | Elf:2    | Bought a potion of might for 80 gold pieces
 27335 | Elf:2    | Bought a potion of heal wounds for 100 gold pieces
 27335 | Elf:2    | Bought a potion of lignification for 60 gold pieces
 27335 | Elf:2    | Bought a potion of attraction for 60 gold pieces
 27335 | Elf:2    | Bought a potion of magic for 160 gold pieces
 27381 | Elf:1    | Reached skill level 18 in Long Blades
 27483 | Elf:2    | Found Xaelenavall's Distillery.
 27488 | Elf:2    | Paralysed by an air elemental for 1 turns
 27492 | Elf:2    | Paralysed by an air elemental for 1 turns
 27524 | Elf:2    | Bought a potion of berserk rage for 70 gold pieces
 27757 | Elf:2    | Found Zoer's Assorted Antiques.
 27812 | Elf:2    | Found a portal to a secret trove of treasure.
 27884 | Elf:2    | Found a runed translucent door.
 27910 | Elf:2    | Found a runed translucent door.
 27940 | Elf:2    | Reached skill level 19 in Dodging
 28050 | Elf:2    | Reached skill level 9 in Translocations
 28345 | Elf:3    | Entered Level 3 of the Elven Halls
 28415 | Elf:3    | Identified the +2 rapier of Upheaval {antimagic, Str+3}
 28579 | Elf:3    | Reached XP level 20. HP: 158/166 MP: 21/23
 28796 | Elf:3    | Noticed Saint Roka
 28809 | Elf:3    | Killed Saint Roka
 28842 | Elf:3    | Reached skill level 10 in Evocations
 28914 | Elf:3    | Reached skill level 17 in Fighting
 29235 | Elf:3    | Identified the ring "Yheoqih" {rF+++ Will+ Str+6 Dex-4
                  | Slay-2}
 29291 | Elf:3    | Reached skill level 19 in Long Blades
 29335 | Elf:3    | Identified the ring "Nicvum" {+Blink rElec Dex+2 SInv
                  | Stlth+}
 29368 | Elf:3    | Identified the +6 shortbow "Sabrer" {heavy, rF++}
 29400 | Elf:3    | Identified the +4 longbow of Ru's Displeasure {elec, rC+
                  | Will- Str+4 SInv}
 29547 | Elf:2    | Bought a potion of haste for 140 gold pieces
 29547 | Elf:2    | Bought a potion of heal wounds for 70 gold pieces
 29547 | Elf:2    | Bought a potion of heal wounds for 70 gold pieces
 29547 | Elf:2    | Bought a potion of heal wounds for 70 gold pieces
 29549 | Elf:2    | Bought a potion of resistance for 140 gold pieces
 29611 | Elf:2    | Bought a scroll of fog for 104 gold pieces
 29820 | Vaults:1 | Entered Level 1 of the Vaults
 29860 | Vaults:1 | Reached skill level 20 in Dodging
 29884 | Vaults:1 | Noticed Donald
 29896 | Vaults:1 | Killed Donald
 29932 | Vaults:1 | Lost mutation: Your flesh is almost immune to the effects
                  | of cold. (rC+++) [Jiyva's grace]
 29932 | Vaults:1 | Lost mutation: Your muscles are very strong. (Str +8,
                  | Int/Dex -2) [Jiyva's grace]
 29932 | Vaults:1 | Lost mutation: Your translucent skin slightly reduces your
                  | foes' accuracy. (Stealth+) [Jiyva's grace]
 29932 | Vaults:1 | Lost mutation: Your movements are less encumbered by
                  | armour. (ER -4) [Jiyva's grace]
 29932 | Vaults:1 | Gained mutation: You have a pair of small horns on your
                  | head. [Jiyva's grace]
 29932 | Vaults:1 | Gained mutation: You have a pair of horns on your head.
                  | [Jiyva's grace]
 29932 | Vaults:1 | Gained mutation: You have a pair of large horns on your
                  | head. [Jiyva's grace]
 29932 | Vaults:1 | Gained mutation: Your translucent skin slightly reduces
                  | your foes' accuracy. (Stealth+) [Jiyva's grace]
 30243 | Vaults:1 | Noticed Norris
 30264 | Vaults:1 | Killed Norris
 30327 | Vaults:1 | Reached skill level 11 in Evocations
 30614 | Vaults:1 | Found a transporter.
 30614 | Vaults:1 | Found Nuyqupt's Jewellery Shop.
 30635 | Vaults:1 | Found a transporter.
 31293 | Vaults:2 | Reached XP level 21. HP: 161/176 MP: 2/24
 31423 | Vaults:2 | Got Leutoth's Directory of the Meteoric Xenolith
 31440 | Vaults:2 | Reached skill level 18 in Fighting
 31479 | Vaults:2 | Found Bigg's General Store.
 31721 | Vaults:2 | Reached skill level 16 in Shields
 31729 | Vaults:2 | Found a large runed translucent door.
 31729 | Vaults:2 | Found a large runed translucent door.
 31729 | Vaults:2 | Found a large runed translucent door.
 31729 | Vaults:2 | Found a large runed translucent door.
 31731 | Vaults:2 | Found a large runed translucent door.
 31731 | Vaults:2 | Found a large runed translucent door.
 31731 | Vaults:2 | Found a large runed translucent door.
 31731 | Vaults:2 | Found a large runed translucent door.
 31731 | Vaults:2 | Lost mutation: You are almost entirely resistant to further
                  | mutation and mutation removal. [Jiyva's grace]
 31731 | Vaults:2 | Lost mutation: You passively map the area around you.
                  | [Jiyva's grace]
 31731 | Vaults:2 | Lost mutation: You are resistant to electric shocks.
                  | (rElec) [Jiyva's grace]
 31731 | Vaults:2 | Lost mutation: Your muscles are strong. (Str +4, Int/Dex
                  | -1) [Jiyva's grace]
 31731 | Vaults:2 | Gained mutation: Armour fits poorly on your pseudopods.
                  | [Jiyva's grace]
 31731 | Vaults:2 | Gained mutation: Armour fits poorly on your large
                  | pseudopods. [Jiyva's grace]
 31731 | Vaults:2 | Gained mutation: Armour fits poorly on your massive
                  | pseudopods. [Jiyva's grace]
 31731 | Vaults:2 | Gained mutation: Your flesh is almost immune to the effects
                  | of cold. (rC+++) [Jiyva's grace]
 31731 | Vaults:2 | Noticed dolemite99's ghost (veteran DrFE)
 32131 | Vaults:2 | Reached skill level 21 in Dodging
 32267 | Vaults:2 | Found a staircase to the Crypt.
 32331 | Vaults:2 | Noticed Margery
 32346 | Vaults:2 | Killed Margery
 32347 | Vaults:2 | Reached skill level 20 in Long Blades
 32347 | Vaults:2 | Reached skill level 12 in Evocations
 32865 | Vaults:3 | Noticed Xtahua
 32899 | Vaults:3 | Killed Xtahua
 33170 | Vaults:3 | Reached skill level 17 in Shields
 33605 | Vaults:3 | Lost mutation: You have a pair of large horns on your head.
                  | [Jiyva's grace]
 33605 | Vaults:3 | Lost mutation: Your flesh is almost immune to the effects
                  | of cold. (rC+++) [Jiyva's grace]
 33605 | Vaults:3 | Lost mutation: Your flesh is heat resistant. (rF+) [Jiyva's
                  | grace]
 33605 | Vaults:3 | Lost mutation: You passively map a small area around you.
                  | [Jiyva's grace]
 33605 | Vaults:3 | Lost mutation: Armour fits poorly on your massive
                  | pseudopods. [Jiyva's grace]
 33605 | Vaults:3 | Lost mutation: Your translucent skin slightly reduces your
                  | foes' accuracy. (Stealth+) [Jiyva's grace]
 33605 | Vaults:3 | Lost mutation: You expend magic power (3 MP) to strengthen
                  | your wands. [Jiyva's grace]
 33605 | Vaults:3 | Gained mutation: Your muscles are strong. (Str +4, Int/Dex
                  | -1) [Jiyva's grace]
 33605 | Vaults:3 | Gained mutation: Your muscles are very strong. (Str +8,
                  | Int/Dex -2) [Jiyva's grace]
 33605 | Vaults:3 | Gained mutation: Your natural rate of healing is unusually
                  | fast. [Jiyva's grace]
 33605 | Vaults:3 | Gained mutation: You heal very quickly. [Jiyva's grace]
 33864 | Vaults:3 | Reached XP level 22. HP: 186/186 MP: 22/25
 33993 | Vaults:4 | Reached skill level 19 in Fighting
 34418 | Vaults:4 | Reached skill level 22 in Dodging
 34866 | Vaults:4 | Reached skill level 18 in Shields
 34903 | Vaults:4 | Reached skill level 21 in Long Blades
 35144 | Vaults:2 | Killed dolemite99's ghost
 35305 | Depths:1 | Entered Level 1 of the Depths
 35441 | Depths:1 | Found a gateway to Hell.
 35748 | Depths:1 | Noticed Bai Suzhen
 35771 | Depths:1 | Killed Bai Suzhen
 35906 | Depths:1 | Found a shimmering blue altar of Sif Muna.
 35925 | Depths:1 | Lost mutation: You are somewhat resistant to both further
                  | mutation and mutation removal. [Jiyva's grace]
 35925 | Depths:1 | Lost mutation: Your body has grown eyes which may confuse
                  | attackers. (Acc +3) [Jiyva's grace]
 35925 | Depths:1 | Lost mutation: Armour fits poorly on your large pseudopods.
                  | [Jiyva's grace]
 35925 | Depths:1 | Gained mutation: Your mind is acute. (Int +4, Str/Dex -1)
                  | [Jiyva's grace]
 35925 | Depths:1 | Gained mutation: Your mind is very acute. (Int +8, Str/Dex
                  | -2) [Jiyva's grace]
 35925 | Depths:1 | Gained mutation: You are strong-willed. (Will+) [Jiyva's
                  | grace]
 35925 | Depths:1 | Gained mutation: You are highly strong-willed. (Will++)
                  | [Jiyva's grace]
 36864 | Depths:2 | Reached skill level 19 in Shields
 37151 | Depths:2 | Reached XP level 23. HP: 196/196 MP: 24/26
 37259 | Depths:2 | Identified the +1 long sword "Qutteorch" {spect, *Slow rC+
                  | Str+6}
 37349 | Depths:2 | Reached skill level 23 in Dodging
 37464 | Depths:2 | Reached skill level 20 in Fighting
 37795 | Depths:3 | Noticed a golden dragon
 37799 | Depths:3 | Noticed Caat Rau's ghost (adept DgCj)
 37834 | Depths:3 | Found a transporter.
 37852 | Depths:3 | Found a transporter.
 37861 | Depths:3 | Identified the +0 leather armour of the Earth {Int+3}
 37874 | Depths:3 | Reached skill level 13 in Evocations
 37996 | Depths:3 | Reached skill level 22 in Long Blades
 38167 | Depths:3 | Noticed a golden dragon
 38181 | Depths:3 | Killed a golden dragon
 38216 | Depths:3 | Reached skill level 20 in Shields
 38428 | Depths:3 | Noticed a golden dragon
 38439 | Depths:3 | Killed a golden dragon
 38702 | Depths:3 | Lost mutation: You have a pair of horns on your head.
                  | [Jiyva's grace]
 38702 | Depths:3 | Lost mutation: You are mostly covered in iridescent scales.
                  | (AC +4) [Jiyva's grace]
 38702 | Depths:3 | Lost mutation: Your mind is very acute. (Int +8, Str/Dex
                  | -2) [Jiyva's grace]
 38702 | Depths:3 | Lost mutation: Your flesh is very cold resistant. (rC++)
                  | [Jiyva's grace]
 38702 | Depths:3 | Lost mutation: You are highly strong-willed. (Will++)
                  | [Jiyva's grace]
 38702 | Depths:3 | Lost mutation: Armour fits poorly on your pseudopods.
                  | [Jiyva's grace]
 38702 | Depths:3 | Lost mutation: You have a small jelly attached to you that
                  | senses nearby items. [Jiyva's grace]
 38702 | Depths:3 | Gained mutation: You expend magic power (3 MP) to
                  | strengthen your wands. [Jiyva's grace]
 38702 | Depths:3 | Gained mutation: You have acidic saliva. [Jiyva's grace]
 38702 | Depths:3 | Gained mutation: Your melee attacks may engulf your foes in
                  | ooze. [Jiyva's grace]
 38702 | Depths:3 | Gained mutation: You are partially covered in large bone
                  | plates. (SH +4) [Jiyva's grace]
 38728 | Depths:3 | Found a one-way gateway to a ziggurat.
 38738 | Depths:3 | Noticed a caustic shrike
 38738 | Depths:3 | Noticed a caustic shrike
 38747 | Depths:3 | Noticed a caustic shrike
 38751 | Depths:3 | Noticed a caustic shrike
 38758 | Depths:3 | Banished a caustic shrike
 38767 | Depths:3 | Killed a caustic shrike
 38785 | Depths:3 | Killed a caustic shrike
 38790 | Depths:3 | Banished a caustic shrike
 38833 | Depths:3 | Found a one-way gate to the infinite horrors of the Abyss.
 38873 | Depths:3 | Found a glowing golden altar of the Shining One.
 38874 | Depths:3 | Found a white marble altar of Elyvilon.
 38875 | Depths:3 | Found a glowing silver altar of Zin.
 39554 | Shoals:4 | Bought a +1 tower shield of resistance for 584 gold pieces
 39881 | Depths:4 | Entered Level 4 of the Depths
 40023 | Depths:4 | Found a gate to the Realm of Zot.
 40032 | Depths:4 | Reached XP level 24. HP: 206/206 MP: 25/26
 40104 | Depths:4 | Found a one-way gate leading to the halls of Pandemonium.
 40154 | Depths:4 | Noticed a caustic shrike
 40155 | Depths:4 | Noticed a caustic shrike
 40157 | Depths:4 | Noticed a caustic shrike
 40158 | Depths:4 | Noticed a caustic shrike
 40167 | Depths:4 | Killed a caustic shrike
 40170 | Depths:4 | Killed a caustic shrike
 40173 | Depths:4 | Killed a caustic shrike
 40173 | Depths:4 | Noticed a caustic shrike
 40182 | Depths:4 | Killed a caustic shrike
 40183 | Depths:4 | Killed a caustic shrike
 40625 | Depths:3 | Identified the ring "Gusill" {*Slow Fly rCorr Dex+8}
 40906 | Elf:2    | You paid a toll of +2 gold dragon scales to enter a
                  | treasure trove
 40907 | Trove    | Entered a treasure trove
 40933 | Trove    | Identified the +1 cloak "Zuziferia" {+Blink rPois Int+3}
 41220 | Vaults:2 | Bought a potion of lignification for 57 gold pieces
 41220 | Vaults:2 | Bought a scroll of fog for 76 gold pieces
 41220 | Vaults:2 | Bought 2 potions of haste for 380 gold pieces
 41439 | Zot:1    | Entered Level 1 of the Realm of Zot
 41509 | Zot:1    | Reached skill level 14 in Evocations
 41570 | Zot:1    | Reached skill level 24 in Dodging
 41583 | Zot:1    | Lost mutation: You are somewhat resistant to further
                  | mutation. [Jiyva's grace]
 41583 | Zot:1    | Lost mutation: You heal very quickly. [Jiyva's grace]
 41583 | Zot:1    | Lost mutation: Your muscles are very strong. (Str +8,
                  | Int/Dex -2) [Jiyva's grace]
 41583 | Zot:1    | Gained mutation: Your rubbery body absorbs attacks. (AC +1,
                  | EV +1) [Jiyva's grace]
 41583 | Zot:1    | Gained mutation: Your pliable body absorbs attacks. (AC +2,
                  | EV +2) [Jiyva's grace]
 41583 | Zot:1    | Gained mutation: Your gelatinous body deflects attacks. (AC
                  | +3, EV +3) [Jiyva's grace]
 41583 | Zot:1    | Gained mutation: You possess an exceptional clarity of
                  | mind. [Jiyva's grace]
 41619 | Zot:1    | Reached skill level 7 in Armour
 41949 | Zot:2    | Reached skill level 21 in Fighting
 42180 | Zot:5    | Entered Level 5 of the Realm of Zot
 42597 | Zot:5    | Reached skill level 8 in Armour
 42607 | Zot:5    | Reached skill level 23 in Long Blades
 42630 | Zot:5    | Noticed a Killer Klown
 42643 | Zot:5    | Killed a Killer Klown
 42756 | Zot:5    | Noticed a dread lich
 42811 | Zot:5    | Reached XP level 25. HP: 214/214 MP: 23/26
 42871 | Zot:5    | Banished a dread lich
 42897 | Zot:5    | Reached skill level 21 in Shields
 42926 | Zot:5    | Noticed an ancient lich
 42947 | Zot:5    | Killed an ancient lich
 43005 | Zot:5    | Noticed a dread lich
 43024 | Zot:5    | Killed a dread lich
 43038 | Zot:5    | Noticed a Killer Klown
 43082 | Zot:5    | Noticed an electric golem
 43093 | Zot:5    | Noticed a Killer Klown
 43101 | Zot:5    | Noticed a Killer Klown
 43140 | Zot:4    | Killed a Killer Klown
 43156 | Zot:4    | Killed an electric golem
 43210 | Zot:5    | Noticed an orb of fire
 43238 | Zot:5    | Gained mutation: Armour fits poorly on your strangely
                  | shaped body. [an orb of fire]
 43241 | Zot:5    | Killed an orb of fire
 43246 | Zot:5    | Reached skill level 9 in Armour
 43250 | Zot:5    | Banished a Killer Klown
 43256 | Zot:5    | Noticed a Killer Klown
 43258 | Zot:5    | Noticed a dread lich
 43291 | Zot:5    | Killed a dread lich
 43317 | Zot:5    | Killed a Killer Klown
 43338 | Zot:5    | Lost mutation: Your gelatinous body deflects attacks. (AC
                  | +3, EV +3) [potion of mutation]
 43338 | Zot:5    | Lost mutation: You are partially covered in large bone
                  | plates. (SH +4) [potion of mutation]
 43338 | Zot:5    | Lost mutation: You are partially covered in iridescent
                  | scales. (AC +2) [potion of mutation]
 43338 | Zot:5    | Lost mutation: Your muscles are strong. (Str +4, Int/Dex
                  | -1) [potion of mutation]
 43339 | Zot:5    | Lost mutation: Your flesh is cold resistant. (rC+) [potion
                  | of mutation]
 43339 | Zot:5    | Lost mutation: Your mind is acute. (Int +4, Str/Dex -1)
                  | [potion of mutation]
 43339 | Zot:5    | Lost mutation: You are strong-willed. (Will+) [potion of
                  | mutation]
 43350 | Zot:5    | Found the +4 dragonskin cloak
 43350 | Zot:5    | Noticed Tiamat
 43426 | Zot:5    | Reached skill level 15 in Evocations
 43427 | Zot:5    | Killed a Killer Klown
 43477 | Zot:5    | Noticed an orb of fire
 43478 | Zot:5    | Noticed an electric golem
 43534 | Zot:5    | Killed an orb of fire
 43546 | Zot:5    | Banished an electric golem
 43570 | Zot:5    | Reached skill level 25 in Dodging
 43628 | Zot:5    | Noticed an orb of fire
 43658 | Zot:5    | Gained mutation: You are weak. (Str -2) [an orb of fire]
 43663 | Zot:5    | Noticed a Killer Klown
 43687 | Zot:5    | Killed a Killer Klown
 43842 | Zot:4    | Killed Tiamat
 44131 | Zot:5    | Got the Orb of Zot
 44428 | Depths:3 | Reached skill level 22 in Fighting
 44654 | D:7      | Noticed Icopaor the pandemonium lord
 44654 | D:7      | Noticed an ancient lich
 44732 | D:4      | Identified a +2 robe of resistance
 44742 | D:4      | Reached skill level 24 in Long Blades
 44820 | D:2      | Noticed Gong the pandemonium lord
 44844 | D:$      | Escaped with the Orb!

Vanquished Creatures
  Tiamat (Zot:4)
  2 dread liches (Zot:5)
  An ancient lich (Zot:5)
  2 orbs of fire (Zot:5)
  Xtahua (Vaults:3)
  The ghost of dolemite99 the Warrior, a veteran DrFE of Okawaru (Vaults:2)
  Bai Suzhen (Depths:1)
  5 Killer Klowns
  Margery (Vaults:2)
  Saint Roka (Elf:3)
  7 caustic shrikes
  A bone dragon (Depths:4)
  Norris (Vaults:1)
  5 golden dragons
  Nikola (Spider:3)
  A profane servitor (D:4)
  Arachne (Spider:3)
  Jorgrun (D:15)
  A hellephant (Vaults:2)
  8 tentacled monstrosities
  An electric golem (Zot:4)
  A walking earthen tome (Depths:3)
  3 liches
  A walking frostbound tome (Depths:2)
  22 Orb Guardians
  A walking divine tome (Depths:2)
  5 deep elf master archers (Elf:3)
  A sphinx (Vaults:4)
  5 quicksilver dragons
  2 deep elf blademasters (Elf:3)
  Frances (Shoals:2)
  4 death cobs
  Polyphemus (Shoals:3)
  3 krakens
  2 tengu reavers (Depths:2)
  8 storm dragons
  4 shadow dragons
  Aizul (Shoals:2)
  Ilsuiw (Shoals:2)
  2 protean progenitors (Zot:1)
  The ghost of Woutahasch the Severer, a journeyman HOFi of Okawaru (Shoals:1)
  5 fire giants
  3 draconian knights
  6 emperor scorpions
  13 frost giants
  10 vault wardens
  A draconian monk (Zot:1)
  Louise (D:15)
  7 deep elf sorcerers
  2 draconian scorchers
  A balrug (D:4)
  5 deep elf elementalists
  4 draconian shifters
  2 orc warlords
  2 cacodemons
  5 ghost moths
  A draconian annihilator (Depths:4)
  3 draconian stormcallers
  A ghoul (Zot:2)
  9 ironbound thunderhulks
  A vampire knight (Depths:2)
  12 stone giants
  3 spriggan defenders
  A demonspawn blood saint (D:4)
  12 ironbound preservers
  2 broodmothers (Spider:4)
  9 very ugly things
  5 green draconians
  A deep elf demonologist (Vaults:2)
  A lorocyproca (Zot:5)
  7 deep elf death magi
  A war gargoyle (Vaults:4)
  5 white draconians
  7 black draconians
  6 yellow draconians
  18 dire elephants
  Azrael (Spider:3)
  3 red draconians
  9 spark wasps
  4 purple draconians
  3 deep elf annihilators
  8 merfolk impalers
  Snorg (Orc:1)
  A blizzard demon (Depths:4)
  2 crystal guardians
  10 fire dragons
  5 merfolk javelineers
  The ghost of Fiha the Thaumaturge, a journeyman VSSh of Dithmenos (Lair:3)
  11 ettins
  10 vault guards
  5 yaktaur captains
  2 rakshasas
  2 entropy weavers
  7 hydras
  2 deep elf high priests (Elf:3)
  10 ice dragons
  An ogre mage (Vaults:2)
  3 peacekeepers
  7 spriggan air magi
  A jorogumo (Spider:4)
  4 ironbound frosthearts
  A hell beast (Depths:3)
  Erica (Orc:1)
  6 merfolk aquamancers
  3 alligator snapping turtles
  6 merfolk avatars
  4 radroaches
  A catoblepas (Shoals:3)
  17 centaur warriors
  7 boulder beetles
  6 two-headed ogres
  2 ghost crabs (Spider:1)
  33 dancing weapons
  6 tengu warriors
  2 death knights
  3 deep troll earth magi
  The ghost of HaleSumoOx the Nimble, a journeyman DjFE of Makhleb (D:10)
  6 deep troll shamans
  5 orc high priests
  4 death yaks (Shoals:3)
  3 hell hogs (Depths:1)
  3 spriggan berserkers (Depths:3)
  6 demonic crawlers
  2 vampire magi (Vaults:2)
  3 occultists
  12 deep elf knights
  20 hell knights
  A fire crab (shapeshifter) (Depths:1)
  A sun demon (D:4)
  2 flayed ghosts (Depths:3)
  4 pharaoh ants
  59 deep trolls
  8 sea snakes
  2 sixfirhies
  5 iron trolls
  A shadow demon (Depths:4)
  9 skysharks
  2 sun moths
  3 lindwurms
  5 arcanists
  14 deep elf archers
  12 orb spiders
  3 harpies (Shoals:4)
  Pikel (D:4)
  8 steelbarb worms
  9 necromancers
  20 deep elf pyromancers
  3 large abominations
  2 phantasmal warriors (Depths:2)
  5 orc knights
  12 ironbound convokers
  18 deep elf zephyrmancers
  A fire giant zombie (Depths:4)
  7 orc sorcerers
  26 ugly things
  14 wolf spiders
  19 manticores
  3 oklob plants
  7 cyclopes
  A spectral boulder beetle (Lair:4)
  14 fauns
  14 moths of wrath
  A meliai (shapeshifter) (D:14)
  6 black mambas
  Maurice (D:11)
  9 merfolk sirens
  12 meliai
  A human skeleton (Vaults:4)
  8 water nymphs
  8 vault sentinels
  3 elephants (Lair:4)
  12 cane toads
  A cane toad (shapeshifter) (D:14)
  A gargoyle (D:11)
  4 kobold blastminers (Orc:2)
  3 torpor snails
  3 orange demons
  An unseen horror (D:11)
  An elf skeleton (Vaults:4)
  2 rime drakes
  2 efreet
  6 unseen horror zombies (D:9)
  The ghost of Asparus the Sneak, a novice OpEE (D:5)
  Psyche (D:11)
  A tormentor (D:12)
  7 komodo dragons
  3 tengu conjurers
  15 yaktaurs
  4 polar bears
  A golden dragon simulacrum (Depths:3)
  A queen bee (Spider:3)
  A wolf spider simulacrum (D:12)
  17 merfolk
  5 trolls
  3 hornets
  5 wind drakes
  9 tyrant leeches
  A queen bee (shapeshifter) (Elf:2)
  45 blink frogs
  17 tarantellas
  Prince Ribbit (D:7)
  11 dream sheep
  A spectral black mamba (Lair:4)
  A human simulacrum (Vaults:4)
  21 culicivoras
  28 jumping spiders
  10 snapping turtles
  4 shadows
  19 water elementals
  A wraith (Vaults:2)
  55 yaks
  Grum (D:11)
  An air elemental (Elf:2)
  3 spriggans (Depths:3)
  5 fire elementals
  6 humans (D:14)
  9 wargs
  6 wyverns
  3 basilisks
  A spectral komodo dragon (Lair:4)
  4 steam dragons
  17 vampire mosquitoes
  39 redbacks
  An acid dragon (D:7)
  A two-headed ogre zombie (D:12)
  2 hydra simulacra (Lair:4)
  A glowing shapeshifter skeleton (Depths:3)
  15 water moccasins
  2 sky beasts (D:7)
  15 hell hounds
  A hornet zombie (D:9)
  A meliai simulacrum (D:12)
  19 orc warriors
  Pargi (Sewer)
  3 ice beasts (D:7)
  5 black bears
  7 ogres
  18 wolves
  A centaur (D:10)
  4 lemures (D:4)
  3 phantoms
  4 kobold brigands
  22 bullfrogs
  A brain worm (Sewer)
  3 scorpions
  A wyvern zombie (D:9)
  A gnoll sergeant (D:7)
  3 earth elementals
  A troll zombie (D:12)
  14 wights
  27 killer bees
  2 howler monkeys (D:7)
  4 electric eels
  A bombardier beetle (D:5)
  14 orc priests
  6 hounds
  2 iguanas (D:5)
  15 orc wizards
  7 ogre zombies
  2 howler monkey zombies (D:9)
  5 gnolls
  8 adders
  4 river rats (D:3)
  5 white imps
  4 ufetubi
  5 dart slugs
  3 ribbon worms
  40 orcs
  9 ball pythons
  6 bats
  3 giant cockroaches
  3 goblins
  5 hobgoblins
  16 kobolds
  2 quokkas
  7 frilled lizards
  6 gnoll skeletons (D:12)
  2 gnoll zombies (D:12)
  2 orc skeletons (D:12)
  13 orc zombies (D:12)
  6 rats
  3 tentacles
1732 creatures vanquished.

Vanquished Creatures (collateral kills)
  Donald (Vaults:1)
  A purple draconian (Zot:5)
  A deep elf annihilator (Elf:1)
  A dire elephant (Vaults:2)
  2 two-headed ogres (D:7)
  A deep elf pyromancer (Elf:1)
  2 deep elf zephyrmancers (Elf:1)
  3 fauns (Shoals:1)
  An ogre (D:7)
  3 wights (D:7)
  A tentacle (Shoals:4)
17 creatures vanquished.

Vanquished Creatures (others)
  A sphinx (Vaults:1)
  A storm dragon (Depths:3)
  A vault warden (Vaults:1)
  6 great orbs of eyes
  A deep elf annihilator (Elf:3)
  A yaktaur captain (Vaults:1)
  A centaur warrior (Vaults:1)
  A merfolk aquamancer (Shoals:4)
  An orc high priest (Orc:2)
  A glowing orange brain (shapeshifter) (Depths:3)
  4 glowing orange brains
  A phantasmal warrior (Vaults:2)
  A sun moth (Spider:3)
  An ironbound convoker (Vaults:1)
  3 deep elf zephyrmancers
  5 ugly things
  A water nymph (shapeshifter) (Depths:2)
  A vault sentinel (Vaults:2)
  4 glass eyes
  2 yaktaurs
  A yaktaur (shapeshifter) (Depths:4)
  27 slime creatures
  A blink frog (shapeshifter) (Depths:2)
  A dream sheep (Shoals:3)
  A wyvern (D:8)
  An air elemental (Elf:1)
  2 yaks
  A shadow (D:11)
  A water elemental (Elf:1)
  2 redbacks (Spider:3)
  An ice beast (D:12)
  A black bear (D:7)
  An ogre (Orc:2)
  4 boggarts (D:14)
  2 centaurs (D:9)
  2 bullfrogs
  3 wights
  A killer bee (D:9)
  A bombardier beetle (D:5)
  214 jellies
  An orc priest (D:10)
  An iguana (D:6)
  2 orc wizards
  2 gnolls (D:5)
  2 adders
  3 white imps
  A dart slug (D:1)
  An endoplasm (D:2)
  8 orcs
  2 goblins (D:4)
  2 hobgoblins
  10 kobolds
  2 ball pythons
  A gnoll skeleton (D:12)
  An orc zombie (D:12)
  16 tentacles
361 creatures vanquished.

Grand Total: 2110 creatures vanquished

Table legend: (Time is in decaauts)
 A = Elapsed time spent in this place.
 B = Non-inter-level travel time spent in this place.
 C = Inter-level travel time spent in this place.
 D = Time resting spent in this place.
 E = Time spent auto-exploring this place.
 F = Levels seen in this place.
 G = Mean time per level.
                   A        B        C        D        E       F      G
               +--------+--------+--------+--------+--------+-----+--------+
         Total |  42821 |  35163 |   7658 |    530 |  21401 |  54 |  793.0 |
       Dungeon |  13131 |   9981 |   3150 |    144 |   6763 |  15 |  875.4 |
        Temple |      4 |      3 |      1 |      0 |      0 |   1 |    4.0 |
          Lair |   5302 |   4498 |    804 |      0 |   3141 |   5 | 1060.4 |
        Shoals |   3068 |   2492 |    576 |     20 |   1174 |   4 |  767.0 |
   Spider Nest |   3723 |   3262 |    461 |     84 |   1883 |   4 |  930.8 |
    Slime Pits |    191 |     91 |    100 |      0 |     31 |   5 |   38.2 |
  Orcish Mines |   1361 |   1093 |    268 |      0 |    642 |   2 |  680.5 |
   Elven Halls |   3367 |   2745 |    622 |     89 |   1508 |   3 | 1122.3 |
        Vaults |   5274 |   4669 |    605 |      5 |   3252 |   4 | 1318.5 |
        Depths |   4548 |   4016 |    532 |      0 |   2589 |   4 | 1137.0 |
           Zot |   2698 |   2164 |    534 |    188 |    368 |   5 |  539.6 |
         Trove |     46 |     46 |      0 |      0 |      7 |   1 |   46.0 |
         Sewer |    102 |    102 |      0 |      0 |     40 |   1 |  102.0 |
               +--------+--------+--------+--------+--------+-----+--------+

Top non-repeatable levels by time:
Vaults:2: 1890 daAuts
   Zot:5: 1711 daAuts
Depths:3: 1573 daAuts
Depths:1: 1306 daAuts
     D:5: 1256 daAuts
  Lair:2: 1240 daAuts
   Elf:2: 1177 daAuts
  Lair:3: 1165 daAuts
Vaults:1: 1148 daAuts
Vaults:3: 1122 daAuts
Vaults:4: 1113 daAuts
   Elf:1: 1095 daAuts
   Elf:3: 1094 daAuts
  Lair:4: 1069 daAuts
    D:14: 1057 daAuts

Table legend:
 A = Non-vault XP
 B = Vault XP
 C = Vault XP percentage of total XP
 D = Non-vault monster count
 E = Vault monster count
 F = Vault count percentage of total count
                 A         B        C        D         E       F
            +---------+---------+-------+---------+---------+-------
      Total |  534184 |  545851 |  50.5 |    1040 |     758 |  42.2
            +---------+---------+-------+---------+---------+-------
        D:1 |      34 |       3 |   8.1 |      13 |       2 |  13.3
        D:2 |      30 |       0 |   0.0 |      10 |       0 |   0.0
        D:3 |      30 |      78 |  72.2 |      12 |      10 |  45.5
        D:4 |     281 |     641 |  69.5 |       9 |       1 |  10.0
        D:5 |     811 |     478 |  37.1 |      19 |      11 |  36.7
        D:6 |     747 |       0 |   0.0 |       8 |       0 |   0.0
        D:7 |     975 |    3018 |  75.6 |      19 |      13 |  40.6
        D:8 |    1043 |       0 |   0.0 |      14 |       0 |   0.0
        D:9 |    3772 |    5737 |  60.3 |      18 |      22 |  55.0
       D:10 |    1589 |    1790 |  53.0 |      15 |      15 |  50.0
       D:11 |    2895 |    1385 |  32.4 |      14 |       6 |  30.0
       D:12 |    3407 |    2570 |  43.0 |       9 |      47 |  83.9
       D:13 |    7056 |    6159 |  46.6 |      15 |      14 |  48.3
       D:14 |    9191 |    6459 |  41.3 |      16 |      12 |  42.9
       D:15 |    9256 |    6186 |  40.1 |      15 |       5 |  25.0
     Lair:1 |    6220 |    1314 |  17.4 |      28 |       7 |  20.0
     Lair:2 |    7335 |     542 |   6.9 |      35 |       1 |   2.8
     Lair:3 |    8086 |    2859 |  26.1 |      27 |      10 |  27.0
     Lair:4 |    4738 |    2200 |  31.7 |      14 |       8 |  36.4
     Lair:5 |    8534 |    8038 |  48.5 |      32 |      31 |  49.2
   Shoals:1 |   13687 |    6905 |  33.5 |      29 |      11 |  27.5
   Shoals:2 |   13766 |    7107 |  34.0 |      28 |       7 |  20.0
   Shoals:3 |    7363 |    9475 |  56.3 |      16 |      13 |  44.8
   Shoals:4 |   12917 |   18538 |  58.9 |      25 |      28 |  52.8
   Spider:1 |   22765 |    4628 |  16.9 |      60 |      15 |  20.0
   Spider:2 |   16714 |       0 |   0.0 |      43 |       0 |   0.0
   Spider:3 |    7654 |   14110 |  64.8 |      19 |      37 |  66.1
   Spider:4 |    6753 |   20421 |  75.1 |      20 |      33 |  62.3
      Orc:1 |    5748 |    1772 |  23.6 |      43 |       2 |   4.4
      Orc:2 |    1758 |    9601 |  84.5 |      12 |      31 |  72.1
      Elf:1 |   18228 |   13884 |  43.2 |      29 |      22 |  43.1
      Elf:2 |   12511 |   25822 |  67.4 |      22 |      34 |  60.7
      Elf:3 |   12026 |   32194 |  72.8 |      25 |      30 |  54.5
   Vaults:1 |   17420 |   28667 |  62.2 |      20 |      34 |  63.0
   Vaults:2 |   24477 |   36529 |  59.9 |      29 |      35 |  54.7
   Vaults:3 |   25627 |   27041 |  51.3 |      41 |      30 |  42.3
   Vaults:4 |   25944 |   11276 |  30.3 |      35 |      16 |  31.4
   Depths:1 |   26573 |   14336 |  35.0 |      31 |      11 |  26.2
   Depths:2 |   24830 |   36855 |  59.7 |      29 |      37 |  56.1
   Depths:3 |   40319 |   39337 |  49.4 |      44 |      33 |  42.9
   Depths:4 |   25114 |   15757 |  38.6 |      18 |      14 |  43.8
      Zot:1 |   43361 |       0 |   0.0 |      40 |       0 |   0.0
      Zot:2 |    3647 |   15432 |  80.9 |       2 |      14 |  87.5
      Zot:4 |   11401 |   10208 |  47.2 |      10 |       3 |  23.1
      Zot:5 |   37551 |   96273 |  71.9 |      28 |      45 |  61.6
      Sewer |       0 |     226 | 100.0 |       0 |       8 | 100.0
            +---------+---------+-------+---------+---------+-------
